 Dungeon Crawl Stone Soup version 0.30-a0-371-gad7725a93e (webtiles) character file.

Game seed: 12316164116265972240

5785 pokeman the Thaumaturge (level 10, -5/57 HPs)
             Began as a Deep Elf Hedge Wizard on Nov 21, 2022.
             Was a Follower of Vehumet.
             Shot with an arrow by a gnoll bouda (13 damage)
             ... in a bailey.
             The game lasted 00:28:26 (7572 turns).

pokeman the Thaumaturge (Deep Elf Hedge Wizard)     Turns: 7572, Time: 00:28:27

Health: -5/57      AC:  6    Str:  7    XL:     10   Next: 50%
Magic:  23/29      EV: 12    Int: 24    God:    Vehumet [*.....]
Gold:   450        SH:  0    Dex: 14    Spells: 19/36 levels left

rFire   . . .      SeeInvis .    i - +2 quarterstaff (spect)
rCold   + . .      Faith    .    (shield currently unavailable)
rNeg    + . .      Spirit   .    v - +0 troll leather armour {Pargi}
rPois   .          Reflect  .    c - +0 hat
rElec   .          Harm     .    (no cloak)
rCorr   .          Rampage  .    B - +0 pair of gloves
Will    +....                    y - +0 pair of boots
Stlth   ++........               (no amulet)
HPRegen 1.09/turn                A - ring of positive energy
MPRegen 0.21/turn                N - ring of protection from cold

@: weakened, studying Ice Magic
A: no striking features
a: Renounce Religion


You were in a bailey.
You worshipped Vehumet.
Vehumet was aware of your devotion.
You visited 2 branches of the dungeon, and saw 9 of its levels.
You also visited: Sewer and Bailey.

You collected 450 gold pieces.

Inventory:

Hand Weapons
 i - a +2 spectral quarterstaff (weapon)
 o - the +4 mace "Zaimor" {vorpal, rPois SInv}
   (You found it on level 2 of the Dungeon)

   It inflicts extra damage upon your enemies.
   rPois:     It protects you from poison.
   SInv:      It lets you see invisible.
Missiles
 O - 7 throwing nets
Armour
 c - a +0 hat (worn)
 v - a +0 troll leather armour (worn) {Pargi}
 y - a +0 pair of boots (worn)
 B - a +0 pair of gloves (worn)
 F - an orb of energy
Magical Staves
 b - a staff of death
 j - a staff of fire
 r - a staff of poison
 z - a staff of cold
Jewellery
 A - a ring of positive energy (left hand)
 G - a ring of ice
 N - a ring of protection from cold (right hand)
Wands
 I - a wand of charming (1)
 K - a wand of flame (52)
 L - a wand of iceblast (12)
Scrolls
 f - 7 scrolls of identify {unknown}
 g - 4 scrolls of blinking {unknown}
 m - 2 scrolls of vulnerability {unknown}
 n - 2 scrolls of immolation {unknown}
 p - 2 scrolls of poison {unknown}
 q - 2 scrolls of noise {unknown}
 s - 3 scrolls of fear {unknown}
 u - 7 scrolls of teleportation {unknown}
 w - 5 scrolls of acquirement {unknown}
 C - a scroll of enchant armour {unknown}
 D - 2 scrolls of fog {unknown}
 H - a scroll of magic mapping {unknown}
Potions
 a - a potion of cancellation {unknown}
 d - a potion of magic
 e - 3 potions of heal wounds {unknown}
 h - a potion of flight {unknown}
 k - a potion of degeneration {unknown}
 l - 2 potions of haste {unknown}
 t - 3 potions of berserk rage {unknown}
 x - a potion of lignification {unknown}
 E - a potion of attraction {unknown}
 J - a potion of ambrosia {unknown}
 M - a potion of curing {unknown}


   Skills:
 + Level 4.3 Fighting
 - Level 3.0 Armour
 - Level 3.2 Dodging
 - Level 3.3 Stealth
 * Level 13.6 Spellcasting
 + Level 7.7 Conjurations
 - Level 1.1 Summonings
 - Level 1.1 Necromancy
 - Level 1.1 Translocations
 + Level 6.7 Fire Magic
 - Level 1.2 Ice Magic
 - Level 1.2 Air Magic
 - Level 1.2 Poison Magic
 - Level 1.0 Evocations


You had 19 spell levels left.
You knew the following spells:

 Your Spells              Type           Power      Damage    Failure   Level
a - Magic Dart            Conj           100%       1d8       1%          1
b - Mephitic Cloud        Conj/Pois/Air  32%        N/A       4%          3
c - Call Imp              Summ           21%        N/A       4%          2
d - Blink                 Tloc           42%        N/A       4%          2
e - Foxfire               Conj/Fire      100%       2x1d9     1%          1
f - Ignition              Fire           24%        3d8       100%        8

Your spell library contained the following spells:

 Spells                   Type           Power      Damage    Failure   Level
 Sticky Flame             Conj/Fire      50%        2d7       2%          4
 Cigotuvi's Dreadful Rot  Necr/Pois/Air  44%        N/A       4%          2
 Slow                     Hex            64%        N/A       5%          1
 Ignite Poison            Fire/Tmut/Pois 29%        N/A       5%          3


Dungeon Overview and Level Annotations

Branches:
Dungeon (8/15)             Temple (1/1) D:6            Lair (0/5) D:8
  Sewer (visited)          Bailey (1/1)

Altars:
Cheibriados
Elyvilon
Fedhas
Hepliaklqana
Makhleb
Uskayaw
Vehumet
Xom

Shops:
D:4 (   D:5 *   D:7 [


Message History

Unknown command.
Unknown command.
You hit the gnoll bouda.
The gnoll bouda is almost dead.
Your +2 spectral quarterstaff hits the gnoll bouda!
You kill the gnoll bouda!
Vehumet accepts your kill.
The gnoll bouda shoots an arrow.
The arrow hits you!! The arrow burns you.
The gnoll bouda barks out a call to the hunt!
Casting: Mephitic Cloud (dangerous; 4% risk of failure)
Confirm with . or Enter, or press ? or * to list all spells.
You can't see any susceptible monsters within range! (Use Z to cast anyway.)
Casting: Mephitic Cloud (dangerous; 4% risk of failure)
Confirm with . or Enter, or press ? or * to list all spells.
A beastly little devil appears in a puff of flame.
A gnoll bouda comes into view. It is wielding a +0 spear.
The gnoll bouda shoots an arrow.
The arrow barely misses you.
Unknown command.
The gnoll bouda hits you but does no damage.
The gnoll bouda shoots an arrow.
The arrow hits you! The arrow burns you.
* * * LOW HITPOINT WARNING * * *
Aiming: Charm
Press: ? - help, Shift-Dir - straight line, f - gnoll bouda
Aim: a gnoll bouda, wielding the +7 shortbow of Overwhelming Force {flame, rPois rC- Int+7 Dex+4} and wearing a +0 scale mail (covering ground quickly, ally target, chance to affect: 50%)
The gnoll bouda resists with significant effort.
The gnoll bouda hits you from afar with a +0 spear.
* * * LOW HITPOINT WARNING * * *
The gnoll bouda shoots an arrow.
The arrow barely misses you.
Your crimson imp blinks!
Aiming: Charm
Press: ? - help, Shift-Dir - straight line, f/p - gnoll bouda
Aim: a gnoll bouda, wielding the +7 shortbow of Overwhelming Force {flame, rPois rC- Int+7 Dex+4} and wearing a +0 scale mail (covering ground quickly, ally target, chance to affect: 50%)
The gnoll bouda resists with significant effort.
Your attacks no longer feel as feeble.
The gnoll bouda hits you from afar with a +0 spear.
* * * LOW HITPOINT WARNING * * *
The gnoll bouda gazes fiercely through you!
You feel your attacks grow feeble.
The gnoll bouda shoots an arrow.
The arrow hits you!
You die...

≈≈≈≈≈≈≈≈≈≈≈♣♣ #...≈≈♣♣
##.8. ###..≈.♣ ♣≈ ##...
#..≈.♣ ♣≈ #.... #..≈.. ♣≈.
#... ##### #..≈.. ♣≈..#...
##...## #..≈..
♣≈..##'###.....######..≈).
♣≈......#@......#..)).)...
♣≈.....g'...8...'.))†)...)
♣≈.....g#§.5....#)).).....
♣≈..##'###.....######..≈..
♣≈. #.). ##...## #..≈.. ♣≈
#.... ##### #..≈.. ♣
#..... #..≈.. ##.....
#..≈.♣ ##.8... ###..≈.♣


You could see 2 gnoll boudas and a friendly crimson imp (summoned).

Vanquished Creatures
  A kobold demonologist (D:6)
  An unseen horror (D:7)
  A troll (D:7)
  Grinder (D:3)
  Sigmund (D:3)
  Menkaure (D:7)
  Duvessa (D:5)
  Pargi (Sewer)
  2 sky beasts
  5 ice beasts
  An ogre (D:7)
  5 wolves (Bailey)
  2 centaurs
  3 phantoms
  A kobold brigand (D:7)
  2 bullfrogs (D:6)
  2 necrophages (D:6)
  9 gnoll sergeants (Bailey)
  5 scorpions
  5 wights
  Dowan (D:5)
  A howler monkey (D:6)
  An electric eel (D:6)
  6 hounds
  2 jellies
  6 gnoll boudas
  3 orc priests
  3 iron imps (D:6)
  3 iguanas
  7 orc wizards
  13 gnolls
  12 adders
  3 river rats (D:4)
  2 shadow imps (D:5)
  2 white imps (D:6)
  3 ufetubi
  11 worms
  4 dart slugs
  28 orcs
  4 endoplasms
  A giant cockroach (D:2)
  6 goblins
  4 hobgoblins
  2 quokkas
  10 ball pythons
  8 bats
  7 frilled lizards
  7 kobolds
  5 rats
215 creatures vanquished.

Vanquished Creatures (collateral kills)
  An orc (D:7)
1 creature vanquished.

Vanquished Creatures (others)
  19 foxfires (Bailey)
19 creatures vanquished.

Grand Total: 235 creatures vanquished

Notes
Turn   | Place    | Note
-------+----------+-------------------------------------------
     0 | D:1      | pokeman the Deep Elf Hedge Wizard began the quest for the
                  | Orb.
     0 | D:1      | Reached XP level 1. HP: 10/10 MP: 7/7
   226 | D:1      | Reached XP level 2. HP: 15/16 MP: 2/9
  1003 | D:1      | Reached skill level 5 in Spellcasting
  1003 | D:1      | Reached XP level 3. HP: 20/20 MP: 9/11
  1009 | D:1      | Learned a level 3 spell: Mephitic Cloud
  1012 | D:1      | Learned a level 2 spell: Call Imp
  1015 | D:1      | Learned a level 2 spell: Blink
  1028 | D:2      | Reached skill level 1 in Fighting
  1028 | D:2      | Reached skill level 1 in Armour
  1227 | D:2      | Identified the +4 mace "Zaimor" {vorpal, rPois SInv}
  1282 | D:2      | You fall into a shaft and drop 2 floors!
  1301 | D:4      | Found Toucvaru's Weapon Shoppe.
  1309 | D:4      | Noticed a phantom
  1319 | D:4      | Reached XP level 4. HP: 25/25 MP: 11/13
  1329 | D:4      | Found a blossoming altar of Fedhas.
  1344 | D:4      | Killed a phantom
  1345 | D:4      | Reached skill level 6 in Spellcasting
  1345 | D:4      | Reached XP level 5. HP: 12/29 MP: 13/15
  1477 | D:4      | Reached skill level 1 in Necromancy
  1563 | D:4      | Reached skill level 1 in Fire Magic
  1563 | D:4      | Reached XP level 6. HP: 34/34 MP: 17/17
  1640 | D:4      | Found a glowing drain.
  1650 | D:4      | Reached skill level 7 in Spellcasting
  1657 | Sewer    | Entered a sewer
  1773 | Sewer    | Noticed Pargi
  1794 | Sewer    | Killed Pargi
  1795 | Sewer    | Reached skill level 1 in Air Magic
  1795 | Sewer    | Reached skill level 1 in Poison Magic
  2220 | D:2      | Reached XP level 7. HP: 38/38 MP: 16/20
  2315 | D:2      | Reached skill level 1 in Evocations
  3088 | D:3      | Noticed Grinder
  3101 | D:3      | Killed Grinder
  3102 | D:3      | Reached skill level 8 in Spellcasting
  3102 | D:3      | Reached skill level 1 in Ice Magic
  3236 | D:3      | Found a faded altar of an unknown god.
  3370 | D:3      | Noticed Sigmund
  3384 | D:3      | Killed Sigmund
  3682 | D:5      | Entered Level 5 of the Dungeon
  3682 | D:5      | Found Lehat's Assorted Antiques.
  3750 | D:5      | Reached XP level 8. HP: 44/44 MP: 18/22
  3923 | D:5      | Noticed Duvessa
  3924 | D:5      | Noticed Dowan
  3933 | D:5      | Killed Duvessa
  3934 | D:5      | Reached skill level 9 in Spellcasting
  3936 | D:5      | Killed Dowan
  4448 | D:5      | Reached skill level 5 in Conjurations
  4689 | D:5      | Reached skill level 10 in Spellcasting
  5100 | D:6      | Reached XP level 9. HP: 37/48 MP: 16/25
  5264 | D:6      | Reached skill level 11 in Spellcasting
  5486 | D:6      | Noticed a kobold demonologist
  5493 | D:6      | Killed a kobold demonologist
  5494 | D:6      | Reached skill level 5 in Fire Magic
  5524 | D:6      | Found a staircase to the Ecumenical Temple.
  5548 | Temple   | Entered the Ecumenical Temple
  5577 | Temple   | Became a worshipper of Vehumet
  5961 | D:6      | Found a burning altar of Makhleb.
  5983 | D:6      | Reached skill level 12 in Spellcasting
  6141 | D:6      | Found a hazy altar of Hepliaklqana.
  6228 | D:7      | Found Xauheff's Armour Shop.
  6251 | D:7      | Killed an unseen horror
  6301 | D:7      | Noticed Menkaure
  6301 | D:7      | Noticed a troll
  6307 | D:7      | Killed a troll
  6308 | D:7      | Killed Menkaure
  6391 | D:7      | Noticed a skeletal warrior
  6393 | D:7      | Noticed a skeletal warrior
  6394 | D:7      | Reached XP level 10. HP: 43/56 MP: 24/28
  6396 | D:7      | Noticed a skeletal warrior
  6678 | D:7      | Learned a level 8 spell: Ignition
  6998 | D:8      | Found a staircase to the Lair.
  7022 | D:8      | Reached * piety under Vehumet
  7022 | D:8      | Offered knowledge of Foxfire by Vehumet.
  7035 | D:8      | Learned a level 1 spell: Foxfire
  7087 | D:8      | Found a flagged portal.
  7156 | Bailey   | Entered a bailey
  7164 | Bailey   | Reached skill level 13 in Spellcasting
  7561 | Bailey   | Identified the +7 shortbow of Overwhelming Force {flame,
                  | rPois rC- Int+7 Dex+4}
  7572 | Bailey   | Shot with an arrow by a gnoll bouda

Illustrated notes

Levels and vault maps discovered:
D:1:      dpeg_arrival_rhombus, layout_basic, minmay_tetromino_i4
D:2:      layout_loops_cross
D:3:      layout_basic, dreamdust_ecumenical_altar_angels_and_demons,
          grunt_ministairs_1, uniq_grinder, uniq_sigmund
D:4:      layout_rooms, mainiacjoe_overflow_alcove_4, lightli_sewer_entry_pipes,
          serial_shops, shop
D:5:      layout_layer_cave, serial_shops, shop, corexii_hall_statues_x,
          minmay_misc_feat_enclosed, minmay_diced_spiral, uniq_duvessa
D:6:      layout_rooms, demons_altar, lemuel_coloured_pillars_altar,
          minmay_temple_entry_glassed_door, minivault_14, nicolae_wand_duel,
          minmay_manual_monstrance
D:7:      layout_loops_ring, serial_shops, shop, uniq_menkaure
D:8:      layout_basic, lair_entry_dummy, enter_bailey_8,
          wad_floor_pattern_untrapped
Temple:   hc_temple_tempest_star
Bailey:   bailey_polearm_gnolls_kennysheep, bailey

Skill      XL: |  1  2  3  4  5  6  7  8  9 10 |
---------------+-------------------------------+-----
Spellcasting   | 5 6 7 8 10 12 13 | 13.6
Fighting       | 1 2 3 4 |  4.3
Armour         | 1 2 3 |  3.0
Conjurations   | 2 3 4 5 7 |  7.7
Dodging        | 3 |  3.2
Stealth        | 3 |  3.3
Necromancy     | 1 |  1.1
Fire Magic     | 1 2 4 5 6 |  6.7
Air Magic      | 1 |  1.2
Poison Magic   | 1 |  1.2
Evocations     | 1 |  1.0
Ice Magic      | 1 |  1.2
Summonings     | |  1.1
Translocations | |  1.1

Action                   |  1- 3 |  4- 6 |  7- 9 | 10-12 || total
-------------------------+-------+-------+-------+-------++-------
Melee: Quarterstaff      |    13 |    69 |    96 |    88 ||   266
 Cast: Magic Dart        |    52 |    23 |   189 |    16 ||   280
       Mephitic Cloud    |       |     4 |    19 |    22 ||    45
       Call Imp          |       |       |     4 |     6 ||    10
       Blink             |       |       |     1 |     1 ||     2
       Foxfire           |       |       |       |    10 ||    10
Evoke: Wand              |       |       |       |     7 ||     7
 Stab: Confused          |       |     1 |     4 |    10 ||    15
       Distracted        |       |     1 |     1 |       ||     2
Armor: Leather armour    |     8 |     5 |       |       ||    13
       Troll leather arm |       |       |    27 |    14 ||    41
Dodge: Dodged            |     4 |    29 |    44 |    46 ||   123

Table legend: (Time is in decaauts)
 A = Elapsed time spent in this place.
 B = Non-inter-level travel time spent in this place.
 C = Inter-level travel time spent in this place.
 D = Time resting spent in this place.
 E = Time spent auto-exploring this place.
 F = Levels seen in this place.
 G = Mean time per level.
                   A        B        C        D        E       F      G
               +--------+--------+--------+--------+--------+-----+--------+
         Total |   7741 |   7421 |    320 |     93 |   5294 |  11 |  703.7 |
       Dungeon |   6916 |   6616 |    300 |     41 |   4917 |   8 |  864.5 |
        Temple |     39 |     19 |     20 |      0 |     13 |   1 |   39.0 |
         Sewer |    352 |    352 |      0 |      0 |    251 |   1 |  352.0 |
        Bailey |    433 |    433 |      0 |     52 |    113 |   1 |  433.0 |
               +--------+--------+--------+--------+--------+-----+--------+

Top non-repeatable levels by time:
     D:5: 1351 daAuts
     D:6: 1169 daAuts
     D:1: 1018 daAuts
     D:2: 843 daAuts
     D:3: 815 daAuts
     D:4: 768 daAuts
     D:7: 734 daAuts
  Bailey: 433 daAuts
   Sewer: 352 daAuts
     D:8: 216 daAuts
  Temple: 39 daAuts
